 Dungeon Crawl Stone Soup version 0.22.0 (webtiles) character file.

58725 CyclopB the Bludgeoner (level 14, -2/114 HPs)
             Began as a Troll Gladiator on Dec 30, 2018.
             Was a High Priest of Trog.
             Slain by a freezing wraith (18 damage)
             ... on level 13 of the Dungeon.
             The game lasted 03:19:55 (22735 turns).

CyclopB the Bludgeoner (Troll Gladiator)           Turns: 22735, Time: 03:19:56

Health: -2/114     AC:  9    Str: 26    XL:     14   Next: 50%
Magic:  0/13       EV: 14    Int:  7    God:    Trog [*****.]
Gold:   1312       SH:  3    Dex: 14    Spells: 13/13 levels left

rFire    + + .     SeeInvis +   Y - +1 morningstar of Kynli {holy, *Noise rElec rF+ Int+3}
rCold    . . .     Gourm    +   (no shield)
rNeg     . . .     Faith    .   R - +0 troll leather armour
rPois    .         Spirit   +   (helmet restricted)
rElec    +         Reflect  +   l - scarf {Spirit}
rCorr    .         Harm     .   (gloves unavailable)
MR       +....                  (boots unavailable)
Stlth    +.........             Z - +3 amulet of reflection
HPRegen  1.09/turn              H - ring of see invisible
MPRegen  0.13/turn              C - ring of protection from fire

@: slowed, drained, very slow
A: large, unfitting armour, claws 3, iridescent scales 1, fast metabolism 3,
frail 1, gourmand, regeneration 1, shaggy fur 1, tough skin 2
a: Berserk, Trog's Hand, Brothers in Arms, Renounce Religion


You were on level 13 of the Dungeon.
You worshipped Trog.
Trog was extremely pleased with you.
You were full.

You visited 3 branches of the dungeon, and saw 21 of its levels.
You also visited: Labyrinth, Sewer and Ossuary.

You collected 1312 gold pieces.

Inventory:

Hand Weapons
 n - the +8 mace of Ekewog {crush, Int+7}
   (You found it on level 2 of the Lair of Beasts)

   It inflicts extra damage upon your enemies.
   It affects your intelligence (+7).
 W - a +0 fustibalus of freezing
 Y - the +1 morningstar of Kynli (weapon) {holy, *Noise rElec rF+ Int+3}
   (You found it on level 3 of the Lair of Beasts)

   It has been blessed by the Shining One to cause great damage to the undead
   and demons.
   It affects your intelligence (+3).
   It protects you from fire.
   It insulates you from electricity.
   It may make noises in combat.
Missiles
 b - 10 large rocks (quivered)
 d - 3 throwing nets
 e - 513 stones
 h - 18 javelins of penetration
 s - 13 tomahawks of returning
 F - 7 tomahawks
 G - 207 sling bullets
 K - 3 poisoned javelins
Armour
 c - +0 acid dragon scales
 l - a scarf of spirit shield (worn)
 R - a +0 troll leather armour (worn)
 S - +0 fire dragon scales
Jewellery
 A - an uncursed ring of flight
 C - a ring of protection from fire (right claw)
 H - a ring of see invisible (left claw)
 Z - a +3 amulet of reflection (around neck)
Wands
 a - a wand of flame (36)
 k - a wand of iceblast (15)
 q - a wand of scattershot (14)
 x - a wand of acid (14)
 B - a wand of polymorph (11)
 M - a wand of paralysis (15)
Scrolls
 g - 4 scrolls of identify
 j - 14 scrolls of remove curse
 o - 3 scrolls of enchant armour
 r - a scroll of torment
 t - 5 scrolls of fog
 u - 4 scrolls of blinking
 y - 4 scrolls of magic mapping
 D - 5 scrolls of enchant weapon
 I - 3 scrolls of immolation
 J - 5 scrolls of teleportation
Potions
 i - 5 potions of curing
 p - a potion of resistance
 w - a potion of invisibility
 z - 3 potions of haste
 O - a potion of mutation
 P - 2 potions of magic
 Q - a potion of might
 X - a potion of flight
Miscellaneous
 E - a sack of spiders
 N - a lightning rod (2/4)
Comestibles
 f - 38 rations


   Skills:
 + Level 5.2(5.1) Fighting
   Level 2.2(10.6) Axes
 * Level 16.8 Maces & Flails
   Level 1.8(1.7) Crossbows
 - Level 12.0(11.9) Throwing
 - Level 8.1(8.0) Dodging
 - Level 0.4(0.3) Evocations


You had 13 spell levels left.
You didn't know any spells.
Your spell library was empty.

Dungeon Overview and Level Annotations

Branches:
Dungeon (14/15)            Temple (1/1) D:6            Lair (6/6) D:9
 Shoals (0/4) Lair:3       Spider (0/4) Lair:3          Orc (0/2) D:10
  Slime: Lair:5-6    Vaults: D:13-14

Altars:
Cheibriados
Fedhas
Kikubaaqudgha
Makhleb
Okawaru
Qazlal
Sif Muna
Trog
Uskayaw
Xom
Yredelemnul
Zin
The Shining One

Shops:
D:12 =(?[   D:13 ?

Portals:
Hell: Lair:6

Annotations:
D:13 1 runed door, exclusion: 2 orange crystal statues, Blackhawk's ghost, journeyman FoFi
D:14 Nessos
Lair:2 exclusion: 2 oklob plants
Lair:5 exclusion: oklob plant
Lair:6 2 runed doors, drpain's ghost, journeyman OpFi


Innate Abilities, Weirdness & Mutations

You are too large for most types of armour.
You have claws for hands.
Your metabolism is lightning-fast.
You like to eat raw meat.
Your natural rate of healing is unusually fast.
You are covered in fur. (AC +1)
You have very tough skin. (AC +2)
You are partially covered in iridescent scales. (AC +2)
You are frail. (-10% HP)


Message History

Okay, then.
You feel much better. The yak barely misses you.
The freezing wraith misses you.
The freezing wraith hits you but does no damage.
The yak gores you!
* * * LOW HITPOINT WARNING * * *
The yak gores you!
* * * LOW HITPOINT WARNING * * *
The yak closely misses you. The freezing wraith barely misses you.
The freezing wraith closely misses you. The yak closely misses you.
Okay, then.
Unknown command.
Unknown command.
Unknown command.
You hit the freezing wraith.
The freezing wraith convulses.
The freezing wraith is severely damaged.
The freezing wraith hits you.
* * * LOW HITPOINT WARNING * * *
The freezing wraith freezes you!!
You die...

..................##....#
####.......##.....#..##.#########
##................###..##.....>
#.......#.#.......####.........
#.........#............#.......
##.......###.......####.........
##........# #.......#######......
#......#### #.>W....#............
#..##### ##..Y@.....#####......
...# #...Y.....## #...... .###
#.......### #...... .# #.......#
#...... ## #......[# #######
#.......# #########


You could see a freezing wraith and 2 yaks.

Vanquished Creatures
  A minotaur (Lab)
  A dire elephant (Lair:6)
  A fire dragon (Lair:4)
  A great orb of eyes (D:12)
  An ogre mage (D:12)
  8 hydras
  3 catoblepae
  3 two-headed ogres
  A death yak (Lair:6)
  A sun demon (Lair:6)
  An unseen horror (D:13)
  2 wizards
  4 ugly things
  A wolf spider (D:12)
  A deep elf mage (D:12)
  An orb spider (Lair:3)
  A necromancer (D:12)
  A cyclops (D:12)
  An orb spider (shapeshifter) (D:13)
  5 manticores
  5 black mambas
  2 orange demons (Lair:6)
  A smoke demon (Lair:6)
  Maurice (D:8)
  2 gargoyles
  9 spiny frogs
  6 komodo dragons
  6 rime drakes
  2 ice devils (Lair:6)
  A red devil (Lair:6)
  A polar bear (Lair:5)
  5 trolls
  A hornet (shapeshifter) (D:13)
  4 slime creatures (D:13)
  9 blink frogs
  16 hippogriffs
  2 redbacks (Lab)
  A spriggan (Lair:5)
  21 yaks
  A wyvern (Lair:6)
  3 basilisks
  12 steam dragons
  2 hungry ghosts
  5 vampire mosquitoes (D:12)
  3 acid dragons (D:12)
  Edmund (D:6)
  5 hell hounds (Lair:6)
  14 water moccasins
  3 black bears
  4 porcupines
  5 ice beasts
  4 orc warriors
  An eye of draining (D:10)
  A hornet zombie (D:14)
  6 sky beasts
  2 necrophages
  5 ogres
  A phantom (D:9)
  5 centaurs
  19 crocodiles
  4 wolves
  5 big kobolds
  22 bullfrogs
  2 water moccasin zombies
  5 scorpions
  5 killer bees
  9 howler monkeys
  11 wights
  2 electric eels
  4 crimson imps
  A lava snake (D:9)
  A quasit (D:6)
  5 centaur zombies
  3 hounds
  5 jellies
  3 bullfrog skeletons
  6 orc priests
  A centaur skeleton (D:8)
  8 orc wizards
  3 iguanas
  9 worker ants
  3 big kobold zombies (Ossuary)
  A hound skeleton (D:5)
  2 mummies (Ossuary)
  3 worker ant zombies
  18 adders
  4 gnolls
  4 shadow imps
  12 oozes (Sewer)
  5 adder zombies (Ossuary)
  2 adder skeletons
  6 worms
  10 leopard geckos
  38 orcs
  13 ball pythons
  19 giant cockroaches
  3 goblins
  3 hobgoblins
  30 jackals
  24 kobolds
  5 quokkas
  9 bats
  10 frilled lizards
  2 gnoll zombies (Ossuary)
  3 hobgoblin zombies (Ossuary)
  6 kobold zombies (Ossuary)
  6 orc zombies (Ossuary)
  3 rats
  A spectral orc (D:5)
595 creatures vanquished.

Vanquished Creatures (collateral kills)
  A skeletal warrior (D:12)
  An ugly thing (D:12)
2 creatures vanquished.

Vanquished Creatures (others)
  7 fungi
  28 plants
  4 toadstools (D:1)
39 creatures vanquished.

Grand Total: 636 creatures vanquished

Notes
Turn   | Place    | Note
-------+----------+-------------------------------------------
     0 | D:1      | CyclopB the Troll Gladiator began the quest for the Orb.
     0 | D:1      | Reached XP level 1. HP: 19/19 MP: 0/0
    99 | D:1      | Reached skill level 3 in Maces & Flails
   231 | D:1      | Reached XP level 2. HP: 27/27 MP: 1/1
   885 | D:2      | Found a blossoming altar of Fedhas.
  1151 | D:2      | Reached XP level 3. HP: 32/33 MP: 2/2
  1331 | D:2      | Reached skill level 4 in Maces & Flails
  1375 | D:2      | Found an iron altar of Okawaru.
  1482 | D:2      | Reached XP level 4. HP: 40/41 MP: 3/3
  2406 | D:4      | Noticed an ogre
  2471 | D:4      | Reached skill level 5 in Maces & Flails
  2471 | D:4      | Reached XP level 5. HP: 48/48 MP: 2/4
  2503 | D:4      | Noticed a sky beast
  2521 | D:4      | Killed a sky beast
  2521 | D:4      | Reached skill level 6 in Maces & Flails
  2521 | D:4      | Reached XP level 6. HP: 25/55 MP: 3/5
  2661 | D:4      | Reached skill level 7 in Maces & Flails
  2773 | D:4      | Found a sand-covered staircase.
  2781 | Ossuary  | Entered an ossuary
  2820 | Ossuary  | Reached XP level 7. HP: 60/62 MP: 4/6
  3332 | D:4      | Reached skill level 8 in Maces & Flails
  3748 | D:5      | Entered Level 5 of the Dungeon
  4114 | D:5      | Found a deep blue altar of Sif Muna.
  4194 | D:5      | Reached XP level 8. HP: 64/70 MP: 5/7
  4230 | D:5      | Reached skill level 9 in Maces & Flails
  4433 | D:5      | Found a basalt altar of Yredelemnul.
  4605 | D:6      | Found a staircase to the Ecumenical Temple.
  4617 | Temple   | Entered the Ecumenical Temple
  4632 | Temple   | Became a worshipper of Trog the Wrathful
  4905 | D:6      | Noticed Edmund
  4917 | D:6      | Killed Edmund
  4917 | D:6      | Reached skill level 10 in Maces & Flails
  5049 | D:6      | Found a glowing drain.
  5059 | Sewer    | Entered a sewer
  5247 | Sewer    | Reached * piety under Trog
  5833 | D:6      | Reached ** piety under Trog
  6159 | D:5      | Reached XP level 9. HP: 66/76 MP: 6/8
  6261 | D:5      | Found a hide-covered altar of Uskayaw.
  6523 | D:7      | Reached skill level 11 in Maces & Flails
  7044 | D:7      | Gained mutation: You are frail. (-10% HP) [potion of mutation]
  7044 | D:7      | Gained mutation: You are partially covered in iridescent scales. (AC +2) [potion of mutation]
  7050 | D:7      | Reached *** piety under Trog
  7273 | D:8      | Noticed Maurice
  7384 | D:8      | Found a glowing golden altar of the Shining One.
  7573 | D:8      | Killed Maurice
  7573 | D:8      | Reached skill level 12 in Maces & Flails
  8062 | D:9      | Reached XP level 10. HP: 70/76 MP: 6/9
  8549 | D:9      | Found a shimmering altar of Xom.
  8549 | D:9      | Found a snail-covered altar of Cheibriados.
  8627 | D:9      | Reached skill level 13 in Maces & Flails
  8723 | D:10     | Entered Level 10 of the Dungeon
  8739 | D:10     | Reached **** piety under Trog
  9056 | D:10     | Found a staircase to the Orcish Mines.
  9630 | D:9      | Noticed a two-headed ogre
  9657 | D:9      | Killed a two-headed ogre
  9657 | D:9      | Reached skill level 5 in Dodging
  9723 | D:9      | Found a staircase to the Lair.
  9978 | D:9      | Received a gift from Trog
 10327 | D:11     | Reached skill level 14 in Maces & Flails
 10620 | D:11     | Reached XP level 11. HP: 63/82 MP: 7/10
 10737 | D:11     | Noticed a green ugly thing
 10758 | D:11     | Killed a green ugly thing
 11254 | D:12     | Found Soushrass's Antique Armour Boutique.
 11254 | D:12     | Found Toschu's Magic Scroll Shop.
 11384 | D:12     | Reached skill level 5 in Throwing
 11433 | D:12     | Noticed an ogre mage
 11442 | D:12     | Found Jiunenor's Weapon Boutique.
 11527 | D:12     | Killed an ogre mage
 12010 | D:12     | Noticed a cyan ugly thing
 12036 | D:12     | Killed a cyan ugly thing
 12045 | D:12     | Reached skill level 1 in Axes
 12049 | D:12     | Reached skill level 1 in Crossbows
 12092 | D:12     | Noticed a deep elf mage
 12092 | D:12     | Noticed a seven-headed hydra
 12115 | D:12     | Noticed a four-headed hydra
 12188 | D:11     | Killed a four-headed hydra
 12241 | D:12     | Killed a deep elf mage
 12312 | D:12     | Noticed a deep elf mage
 12312 | D:12     | Noticed a wizard
 12383 | Lair:1   | Entered Level 1 of the Lair of Beasts
 12561 | Lair:1   | Reached XP level 12. HP: 83/93 MP: 8/11
 12755 | Lair:1   | Noticed a seven-headed hydra
 12784 | Lair:1   | Killed a seven-headed hydra
 12791 | Lair:1   | Reached ***** piety under Trog
 13093 | Lair:1   | Received a gift from Trog
 13624 | Lair:1   | Found a stormy altar of Qazlal.
 14250 | Lair:2   | Got a brightly glowing mace
 14251 | Lair:2   | Identified the +8 mace of Ekewog {crush, Int+7} (You found it on level 2 of the Lair of Beasts)
 14598 | Lair:2   | Noticed an eight-headed hydra
 14604 | Lair:2   | Killed an eight-headed hydra
 14992 | Lair:3   | Noticed a six-headed hydra
 14997 | Lair:3   | Killed a six-headed hydra
 15095 | Lair:3   | Reached skill level 10 in Throwing
 15231 | Lair:3   | Got a jewelled morningstar
 15232 | Lair:3   | Identified the +1 morningstar of Kynli {holy, *Noise rElec rF+ Int+3} (You found it on level 3 of the Lair of Beasts)
 15240 | Lair:3   | Found a staircase to the Shoals.
 15465 | Lair:3   | Noticed a catoblepas
 15489 | Lair:3   | Killed a catoblepas
 15553 | Lair:3   | Reached XP level 13. HP: 97/102 MP: 10/12
 15762 | Lair:3   | Found a hole to the Spider Nest.
 15770 | Lair:3   | Received a gift from Trog
 16694 | Lair:4   | Received a gift from Trog
 17213 | Lair:4   | Noticed a fire dragon
 17258 | Lair:4   | Killed a fire dragon
 17916 | Lair:5   | Reached skill level 15 in Maces & Flails
 18560 | Lair:6   | Entered Level 6 of the Lair of Beasts
 18762 | Lair:6   | Noticed a dire elephant
 18838 | Lair:6   | Found a large runed door.
 18839 | Lair:6   | Found a large runed door.
 18842 | Lair:6   | Noticed drpain's ghost (journeyman OpFi)
 18997 | Lair:6   | Killed a dire elephant
 19922 | Lair:6   | Found a burning altar of Makhleb.
 19949 | Lair:6   | Received a gift from Trog
 20150 | Lair:6   | Reached XP level 14. HP: 79/110 MP: 8/13
 20183 | Lair:6   | Found a gateway to Hell.
 20598 | D:12     | Reached skill level 16 in Maces & Flails
 20662 | D:12     | Found Houxeh's Jewellery Shoppe.
 20802 | D:12     | Received a gift from Trog
 20954 | D:12     | Found Pacismom's Weapon Shoppe.
 21375 | D:13     | Found Jeckemop's Magic Scroll Boutique.
 21583 | D:13     | Found a labyrinth entrance.
 21586 | D:13     | Found a runed door.
 21593 | D:13     | Noticed Blackhawk's ghost (journeyman FoFi)
 21602 | Lab      | Entered a labyrinth
 22027 | Lab      | Found the +9 staff of Olgreb {rPois}
 22089 | D:13     | Reached skill level 5 in Fighting
 22577 | D:14     | Noticed Nessos
 22735 | D:13     | Slain by a freezing wraith

Skill      XL: |  1  2  3  4  5  6  7  8  9 10 11 12 13 14 |
---------------+-------------------------------------------+-----
Maces & Flails | 3 4 5 6 7 8 10 12 14 15 16 | 16.8
Dodging        | 3 4 5 6 8 |  8.1
Throwing       | 2 8 10 12 | 12.0
Axes           | 2 |  2.2
Crossbows      | 1 |  1.8
Fighting       | 2 4 5 |  5.2
Evocations     | |  0.4

Action                   |  1- 3 |  4- 6 |  7- 9 | 10-12 | 13-15 || total
-------------------------+-------+-------+-------+-------+-------++-------
Melee: Flail             |    98 |   129 |   740 |   781 |       ||  1748
       Whip              |       |       |    25 |       |       ||    25
       Mace              |       |       |       |   132 |   474 ||   606
       Morningstar       |       |       |       |       |   124 ||   124
Throw: Stone             |    49 |    43 |   252 |   381 |   243 ||   968
       Throwing net      |       |     1 |       |       |       ||     1
       Tomahawk          |       |       |    10 |       |    15 ||    25
       Javelin           |       |       |       |     5 |     2 ||     7
       Large rock        |       |       |       |     9 |    30 ||    39
Invok: Berserk           |       |       |       |    11 |     6 ||    17
       Trog's Hand       |       |       |       |     3 |     6 ||     9
Evoke: Wand              |       |     4 |     2 |     5 |     1 ||    12
       Lightning rod     |       |       |       |       |     3 ||     3
  Use: Scroll            |     2 |     2 |     8 |     6 |    17 ||    35
       Potion            |     1 |     1 |    10 |     3 |     2 ||    17
 Stab: Paralysed         |       |     2 |       |       |       ||     2
       Distracted        |       |       |     2 |       |       ||     2
       Sleeping          |       |       |     1 |       |     1 ||     2
       Invisible         |       |       |       |     2 |       ||     2
       Petrified         |       |       |       |       |     2 ||     2
  Eat: Chunk             |    19 |    12 |    59 |    80 |    65 ||   235
       Ration            |       |       |       |       |     1 ||     1
Armor: Robe              |    46 |    43 |   177 |   112 |       ||   378
       Skin              |       |       |    47 |     4 |       ||    51
       Troll leather arm |       |       |       |    79 |   121 ||   200
Dodge: Dodged            |    56 |    54 |   309 |   403 |   304 ||  1126
Block: Other             |       |       |       |       |    23 ||    23
